Map: Automaton LE

Players

Lambo - Winner!

  • Race: Zerg Zerg
  • League: Grandmaster
  • Spawn Location: 9:00

llllllllllll

  • Race: Terran Terran
  • League: Grandmaster
  • Spawn Location: 3:00

VOD

Have the link to the VOD?

Description

Time

  • Played on: Nov. 30, 2018, 3:52 p.m.
  • Length: 14:43
Show
View Real Time Build Order
Export as new Build Order

Lambo Zerg - Winner!

Build Orders: Hatch First 

Get SALT Encoding   

  12  0:00  Drone  
  13  0:14  Overlord  
  13  0:18  Drone  
  14  0:33  Drone x2  
  16  0:49  Hatchery  
  15  0:52  Drone  
  15  0:56  Drone  
  17  1:00  Drone  
  18  1:10  Extractor  
  17  1:15  Spawning Pool  
  17  1:18  Drone  
  17  1:23  Drone  
  18  1:30  Drone  
  19  1:40  Drone  
  20  1:53  Overlord  
  20  2:02  Queen x2  
  20  2:03  Zergling x4  
  26  2:13  Metabolic Boost  
  26  2:14  Drone  
  26  2:15  Drone  
  28  2:28  Drone x2  
  30  2:42  Hatchery  
  29  2:44  Drone x2  
  29  2:49  Drone  
  32  2:52  Overlord  
  32  2:58  Queen  
  32  3:04  Drone x2  
  36  3:12  Drone x2  
  38  3:14  Queen  
  38  3:16  Drone  
  41  3:20  Drone  
  41  3:25  Drone  
  43  3:27  Drone  
  43  3:29  Overlord  
  43  3:32  Overlord  
  44  3:43  Overlord  
  44  3:46  Overlord  
  44  3:47  Drone x3  
  47  3:48  Queen  
  49  3:58  Overlord  
  49  4:03  Queen  
  49  4:05  Zergling x4  
  49  4:06  Zergling x4  
  49  4:09  Zergling x2  
  56  4:12  Baneling Nest  
  56  4:13  Drone x2  
  56  4:16  Drone x2  
  59  4:23  Lair, Drone  
  60  4:28  Drone x3  
  63  4:37  Drone x5  
  61  4:41  Zergling x2  
  61  4:42  Zergling x2  
  61  4:46  Drone  
  61  4:52  Drone x2  
  58  4:55  Drone  
  58  4:58  Drone x2  
  58  4:59  Drone  
  62  5:01  Drone x2  
  62  5:05  Extractor x2  
  62  5:10  Evolution Chamber  
  62  5:11  Drone, Evolution Chamber  
  62  5:12  Drone x2  
  62  5:14  Spore Crawler  
  62  5:16  Spore Crawler  
  62  5:20  Drone  
  62  5:22  Drone x2  
  64  5:33  Drone x2  
  64  5:35  Drone  
  61  5:37  Drone x6  
  66  5:44  Drone x2  
  64  5:52  Drone x2  
  64  5:56  Drone x3  
  68  6:00  Zerg Ground Armor Level 1, Zerg Melee Weapons Level 1, Drone x4  
  68  6:03  Drone  
  73  6:15  Extractor  
  73  6:18  Overlord  
  72  6:20  Extractor  
  72  6:21  Extractor  
  72  6:23  Overlord  
  72  6:24  Overlord  
  70  6:26  Overlord  
  70  6:27  Centrifical Hooks  
  70  6:34  Hydralisk Den  
  70  6:35  Overlord  
  70  6:36  Queen x2  
  73  6:43  Drone x2  
  73  6:44  Drone  
  73  6:45  Drone x2  
  73  6:46  Drone x3  
  81  6:47  Drone  
  81  6:48  Drone  
  81  6:53  Drone  
  84  6:58  Zergling x10  
  84  7:00  Hatchery  
  88  7:02  Zergling x4  
  88  7:03  Zergling x4, Grooved Spines  
  88  7:07  Zergling x2  
  93  7:19  Zergling x6  
  93  7:20  Baneling x7  
  93  7:22  Pneumatized Carapace  
  96  7:23  Overseer  
  96  7:24  Hydralisk x2  
  100  7:34  Hydralisk x2  
  100  7:35  Hydralisk  
  104  7:41  Hydralisk  
  104  7:42  Hydralisk  
  103  7:49  Hydralisk x2  
  103  7:58  Overlord x3  
  103  8:00  Zerg Ground Armor Level 2, Overlord  
  103  8:03  Overlord  
  103  8:05  Zerg Missile Weapons Level 1  
  99  8:06  Overlord  
  99  8:08  Drone x4, Overlord  
  102  8:14  Drone  
  102  8:18  Drone x3  
  106  8:21  Queen x2  
  106  8:22  Drone  
  111  8:28  Queen, Drone x3  
  111  8:31  Muscular Augments  
  111  8:33  Hydralisk x2  
  120  8:37  Zergling x2, Hydralisk  
  120  8:41  Hydralisk  
  120  8:42  Zergling x2  
  123  8:51  Hydralisk x4  
  123  9:09  Zergling x18  
  132  9:14  Zergling x2  
  132  9:15  Zergling x6  
  129  9:27  Drone x10  
  139  9:38  Infestation Pit, Overseer  
  138  9:43  Hydralisk x6  
  150  9:59  Hydralisk x3  
  152  10:06  Hydralisk x3, Spore Crawler  
  155  10:10  Overlord x2  
  156  10:17  Overlord  
  156  10:19  Overlord  
  155  10:21  Baneling x16  
  155  10:24  Hive, Overlord  
  155  10:26  Zergling x10  
  155  10:27  Overlord x2  
  159  10:32  Overseer  
  159  10:33  Overlord  
  159  10:35  Overlord  
  147  10:37  Zergling x16  
  150  10:45  Zergling x8  
  147  10:50  Zergling x8  
  151  11:03  Zergling x20  
  154  11:12  Queen  
  153  11:21  Overseer  
  153  11:25  Drone x3  
  156  11:27  Hydralisk x5  
  156  11:32  Baneling x8  
  166  11:45  Zergling x2  
  166  11:46  Zergling x22  
  171  11:50  Baneling x4  
  171  11:51  Zergling x10, Baneling x4  
  175  11:57  Zergling x6  
  175  12:02  Zergling x2  
  175  12:06  Zergling x2  
  175  12:08  Adrenal Glands  
  169  12:20  Zergling x16  
  175  12:29  Spore Crawler  
  174  12:31  Queen  
  174  12:35  Overseer  
  176  12:37  Drone x2  
  176  12:38  Drone x3  
  176  12:39  Hydralisk  
  176  12:40  Zergling x4  
  176  12:43  Hatchery  
  184  12:47  Overseer x2  
  184  12:57  Hydralisk x7  
  198  12:59  Baneling x12  
  198  13:11  Baneling  
  198  13:12  Baneling x5  
  165  13:20  Zergling x2  
  165  13:21  Zergling x18  
  152  13:33  Zergling x6  
  150  13:40  Zergling x6  
  151  13:42  Baneling x11  
  151  13:43  Baneling x3  
  145  13:48  Hydralisk  
  145  13:49  Zergling x6  
  145  13:50  Zergling x2  
  145  13:51  Baneling x2  
  151  13:55  Zergling x4  
  143  14:05  Zergling x8  
  141  14:14  Zergling x8  
  132  14:22  Zergling x4  
  132  14:23  Zergling x2  
  122  14:26  Zergling x2  
Show
View Real Time Build Order
Export as new Build Order

llllllllllll Terran 

Build Orders: Gas First Reaper Expand, Hellion Opening 

Get SALT Encoding   

  12  0:00  SCV  
  13  0:12  SCV  
  14  0:18  Supply Depot  
  14  0:25  SCV  
  15  0:29  Refinery  
  15  0:39  SCV  
  16  0:45  Barracks  
  16  0:52  SCV  
  17  1:04  SCV  
  18  1:16  SCV  
  19  1:33  Orbital Command, Reaper  
  20  1:45  Command Center  
  20  1:56  Factory  
  20  2:00  SCV  
  21  2:08  Barracks Reactor  
  21  2:13  SCV  
  22  2:17  Supply Depot  
  22  2:20  Refinery  
  22  2:25  SCV  
  23  2:38  SCV  
  24  2:45  Starport  
  24  2:49  Hellion x2  
  24  2:50  SCV  
  29  2:52  Marine  
  30  2:59  Orbital Command  
  30  3:02  SCV  
  31  3:09  Marine  
  31  3:12  Hellion  
  34  3:15  Hellion  
  34  3:17  SCV  
  37  3:25  SCV  
  38  3:29  SCV  
  38  3:32  Starport Tech Lab  
  38  3:33  Fusion Core  
  39  3:41  SCV  
  39  3:42  Supply Depot, SCV  
  39  3:44  Hellion  
  43  3:49  Hellion  
  43  3:53  SCV  
  46  4:04  SCV  
  46  4:05  Hellion  
  46  4:06  SCV  
  46  4:07  Supply Depot  
  50  4:11  Hellion  
  50  4:16  SCV  
  53  4:18  SCV  
  54  4:26  Barracks Tech Lab  
  54  4:29  Battlecruiser  
  60  4:35  SCV  
  61  4:38  Hellion x2  
  61  4:46  SCV  
  61  4:52  Command Center  
  57  5:00  Stimpack  
  57  5:03  SCV x2  
  57  5:05  Marine  
  56  5:08  Supply Depot  
  56  5:11  Factory Reactor  
  56  5:15  SCV x2  
  56  5:20  Liberator  
  58  5:23  Supply Depot, Marine  
  58  5:24  Barracks  
  58  5:27  Barracks, SCV x2  
  57  5:39  SCV x2  
  57  5:41  Marine  
  59  5:44  Engineering Bay  
  59  5:52  SCV x2  
  59  5:55  Engineering Bay  
  61  5:58  Refinery  
  61  5:59  Marine  
  61  6:00  Refinery  
  61  6:04  SCV x2  
  64  6:05  Weapon Refit  
  64  6:06  Orbital Command  
  64  6:08  Factory Reactor  
  64  6:12  Marine x2  
  64  6:16  Marine, SCV x2  
  69  6:21  Terran Infantry Weapons Level 1  
  69  6:28  SCV x2  
  69  6:30  Marine x2  
  73  6:36  Orbital Command  
  73  6:38  Terran Infantry Armor Level 1  
  73  6:40  SCV x2  
  73  6:42  Marine  
  73  6:43  Marine  
  73  6:44  Barracks, Marine  
  73  6:45  Barracks, Supply Depot  
  73  6:46  Supply Depot  
  78  6:50  Factory Reactor  
  78  6:52  SCV x2  
  80  6:55  Marine x2  
  80  6:59  Medivac x2  
  80  7:01  Combat Shield, SCV  
  87  7:04  SCV x2  
  89  7:09  Marine x3  
  89  7:13  SCV  
  93  7:16  SCV x2  
  93  7:19  Supply Depot  
  93  7:20  Marine x2, Refinery  
  97  7:25  SCV  
  97  7:28  SCV  
  97  7:29  Supply Depot  
  103  7:30  Medivac x2, Widow Mine x2  
  103  7:32  Marine  
  103  7:34  Marine  
  103  7:36  Barracks Reactor x2  
  109  7:41  SCV x2  
  109  7:42  SCV  
  109  7:43  Supply Depot  
  112  7:46  Supply Depot  
  109  7:52  Armory  
  109  7:53  Marine, SCV x2  
  109  7:54  Marine, Widow Mine x2, SCV  
  109  7:55  Marine x3  
  121  8:02  Supply Depot  
  121  8:05  SCV  
  122  8:08  Factory  
  122  8:11  Marine  
  122  8:12  Marine x2  
  120  8:15  Marine x3  
  120  8:16  Marine x2, Widow Mine x2  
  120  8:18  Marine  
  132  8:26  Medivac x2  
  136  8:28  Marine  
  136  8:30  Marine x2  
  136  8:33  Marine  
  140  8:34  SCV x2  
  140  8:35  SCV  
  140  8:37  Supply Depot, Widow Mine x2  
  140  8:38  Supply Depot  
  143  8:45  Supply Depot x2  
  143  8:48  Terran Infantry Weapons Level 2, Terran Infantry Armor Level 2  
  143  8:58  Widow Mine  
  143  8:59  Widow Mine  
  142  9:07  Drilling Claws  
  142  9:08  Widow Mine  
  143  9:14  Command Center  
  143  9:20  Widow Mine x2  
  147  9:26  Medivac  
  147  9:27  Medivac  
  147  9:29  Widow Mine  
  147  9:33  Marauder, Marine x7  
  147  9:36  Marine  
  157  9:38  Barracks  
  157  9:40  Supply Depot  
  157  9:41  Supply Depot, Widow Mine  
  157  9:44  Barracks x2  
  159  9:46  Sensor Tower  
  159  9:48  Widow Mine  
  159  9:50  Marine x2  
  159  9:51  Marine x2, Widow Mine  
  167  9:54  Marauder  
  167  9:55  Marine x2  
  167  9:56  Medivac  
  167  9:59  Marine  
  174  10:07  Marine  
  174  10:08  Marine x2  
  174  10:12  Marine x2  
  174  10:13  Marine  
  180  10:15  Marine, Widow Mine x2  
  180  10:16  Marauder  
  88  10:21  Medivac  
  179  10:24  Marine  
  179  10:25  Marine  
  179  10:26  Medivac  
  183  10:36  Marine x3  
  183  10:37  Barracks Tech Lab, Marauder  
  183  10:39  Widow Mine  
  183  10:42  Barracks Tech Lab  
  184  10:44  Marine x2  
  184  10:48  Unknown x4  
  165  10:52  Marine x3  
  165  10:55  Medivac  
  165  10:56  Medivac, Marine x2  
  170  10:59  Marauder  
  170  11:00  Widow Mine  
  170  11:01  Orbital Command, Widow Mine  
  172  11:10  Terran Infantry Weapons Level 3  
  169  11:12  Marauder, Marine x4  
  169  11:13  Marine x4  
  169  11:16  Marine x2  
  178  11:20  Marauder  
  178  11:25  SCV  
  178  11:26  SCV x2  
  178  11:29  Terran Infantry Armor Level 3, Marine  
  178  11:30  Marine  
  178  11:31  Marauder, Marine  
  186  11:34  Marauder  
  186  11:37  Barracks Tech Lab  
  188  11:41  Marauder, Terran Vehicle And Ship Armor Level 1  
  188  11:44  Marine  
  181  11:48  Widow Mine  
  181  11:49  Widow Mine  
  181  11:50  Medivac  
  181  11:53  Marauder, Unknown  
  188  11:55  Marauder  
  181  12:03  Marauder  
  181  12:05  Marine x2  
  181  12:06  Marauder, Marine  
  187  12:11  Marine x2  
  187  12:12  Widow Mine  
  187  12:14  Marauder  
  193  12:19  Marauder, Marine x3  
  193  12:21  Widow Mine  
  200  12:28  Marauder, Marine x5  
  198  12:31  Medivac  
  200  12:37  Command Center, Concussive Shells  
  200  12:41  Supply Depot  
  200  12:55  Command Center  
  173  13:20  Marine  
  173  13:21  Marauder, Marine  
  173  13:22  Marauder  
  173  13:24  Marauder, Marine x2  
  173  13:25  Marauder, Marine x3  
  173  13:26  Marine, Widow Mine x2  
  150  13:38  Marine  
  150  13:39  Marine, SCV x2  
  150  13:40  SCV  
  144  13:42  Marauder, Marine x2  
  144  13:43  Marauder, Marine x3, Widow Mine  
  144  13:44  Marine  
  144  13:46  Marauder x2  
  144  13:47  Medivac x2  
  144  13:48  Widow Mine x2  
  165  13:51  Planetary Fortress, SCV  
  165  13:56  Marine  
  165  13:57  Marine  
  165  13:59  Marine  
  165  14:00  Unknown x7, Marine  
  165  14:01  Marine x2  
  162  14:04  Marauder, Widow Mine  
  162  14:05  Marauder  
  162  14:07  Marauder x2  
  140  14:14  Marine x2  
  140  14:16  Widow Mine x2  
  115  14:17  Marine x2  
  115  14:22  Marine  
  90  14:24  Marine x3  
Tags
 
Add a new tag
Caveats
  • Supply blocks, unpowered buildings, or Contaminate may cause inaccurate times.
  • Supply counts are checked every 10 seconds.